 Dungeon Crawl Stone Soup version 0.31-a0-819-gf6de2f5ab6 (webtiles) character file.

Game seed: 12922300723747376101

9019 qw the Skirmisher (level 11, -5/71 HPs)
             Began as a Gargoyle Hunter on Sept 23, 2023.
             Was a Priest of Okawaru.
             Slain by a boulder beetle (18 damage)
             ... on level 3 of the Lair of Beasts.
             The game lasted 00:04:25 (8363 turns).

qw the Skirmisher (Gargoyle Hunter)                 Turns: 8363, Time: 00:04:26

Health: -5/71      AC: 23    Str: 15    XL:     11   Next: 40%
Magic:  14/15      EV: 22    Int: 10    God:    Okawaru [***...]
Gold:   1518       SH:  0    Dex: 17    Spells: 10/10 levels left

rFire   . . .        Y - +2 shortbow (flame)
rCold   + . .        (shield currently unavailable)
rNeg    + . .        f - +2 robe {rC+}
rPois   inf          g - +2 helmet
rElec   +            q - +1 cloak
rCorr   .            i - +0 pair of gloves
SInv    .            e - +2 pair of boots
Will    +....        (no amulet)
Stlth   +++          h - +5 ring of evasion
HPRegen 0.31/turn    k - ring of willpower
MPRegen 0.14/turn

%: no passive effects
@: about to teleport, heroic
A: sickness immunity, AC +8, negative energy resistance 1, electricity
resistance, torment resistance 1, petrification resistance
a: Renounce Religion, Heroism


You were on level 3 of the Lair of Beasts.
You worshipped Okawaru.
Okawaru was most pleased with you.
You visited 3 branches of the dungeon, and saw 12 of its levels.

You collected 1628 gold pieces.
You spent 110 gold pieces at shops.


Innate Abilities, Weirdness & Mutations

You are immune to sickness and miasma.
Your stone body is resilient. (AC +8)
You are immune to poison.
You resist negative energy. (rN+)
You are resistant to electric shocks. (rElec)
You are resistant to unholy torment.
You are immune to petrification.


   Skills:
 - Level 9.3(14.3) Fighting
 + Level 13.2(18.2) Ranged Weapons
 - Level 3.7(8.7) Armour
 - Level 4.7(9.7) Dodging
 - Level 1.1(6.1) Stealth
 - Level 6.4 Invocations


You had 10 spell levels left.
You didn't know any spells.
Your spell library was empty.

Inventory:

Hand Weapons
 Y - a +2 shortbow of flaming (weapon)
Armour
 e - a +2 pair of boots (worn)
 f - a +2 robe of cold resistance (worn)
 g - a +2 helmet (worn)
 i - a +0 pair of gloves (worn)
 j - a +1 robe of willpower
 q - a +1 cloak (worn)
Jewellery
 h - a +5 ring of evasion (left hand)
 k - a ring of willpower (right hand)
Scrolls
 b - 3 scrolls of identify
Potions
 d - 2 potions of haste
 m - 2 potions of curing
 n - a potion of cancellation
 r - 4 potions of enlightenment
 s - 2 potions of magic
 t - a potion of might

Dungeon Overview and Level Annotations

Branches:
Dungeon (8/15)             Temple (1/1) D:4            Lair (3/5) D:8
  Swamp: Lair:2-3    Shoals: Lair:2-3     Snake: Lair:2-3    Spider: Lair:2-3

Altars:
Ashenzari
Cheibriados
Dithmenos
Elyvilon
Fedhas
Gozag
Hepliaklqana
Makhleb
Nemelex Xobeh
Okawaru
Qazlal
Ru
Sif Muna
Trog
Uskayaw
Vehumet
Wu Jian
Xom
Yredelemnul
Zin
The Shining One

Shops:
D:3 !   D:6 [


Message History

The boulder beetle completely misses you.
You shoot an arrow.
The arrow hits the boulder beetle but does no damage.
The boulder beetle is severely wounded.
The boulder beetle bites you but does no damage.
You shoot an arrow.
The arrow hits the boulder beetle but does no damage.
The boulder beetle is severely wounded.
The boulder beetle misses you.
You shoot an arrow.
The arrow hits the boulder beetle but does no damage.
The boulder beetle is severely wounded.
The boulder beetle bites you!
You shoot an arrow.
The arrow hits the boulder beetle but does no damage.
The boulder beetle is severely wounded.
You shoot an arrow.
The arrow hits the boulder beetle but does no damage.
The boulder beetle is severely wounded.
The boulder beetle bites you but does no damage.
You shoot an arrow. The arrow hits the boulder beetle!
The arrow burns the boulder beetle.
The boulder beetle is severely wounded.
The boulder beetle misses you.
You shoot an arrow. The arrow hits the boulder beetle.
The arrow burns the boulder beetle.
The boulder beetle is severely wounded.
You shoot an arrow. The arrow hits the boulder beetle.
The arrow burns the boulder beetle.
The boulder beetle is almost dead.
The boulder beetle closely misses you.
You shoot an arrow.
The arrow hits the boulder beetle but does no damage.
The boulder beetle is almost dead.
The boulder beetle bites you!
8363 ||| READING scroll of teleportation.
As you read the scroll of teleportation, it crumbles to dust.
You feel strangely unstable. The boulder beetle bites you!!
You die...

#..#######.#
#PP.# ## .##
#P.P# ....
#P.## .~.~###
#P.# ~.~.~.P
##(#
._.~...####.##
~.~.~...##...#
.~ ##.@##..P#
....#...B...##
#.......###
#......##
......P###
.#.#### ##


You could see a boulder beetle.

Vanquished Creatures
  A boulder beetle (Lair:2)
  3 death yaks (D:8)
  A black mamba (Lair:1)
  2 cane toads (Lair:1)
  2 komodo dragons
  2 polar bears (Lair:1)
  A troll (D:7)
  12 yaks
  2 basilisks
  A steam dragon (D:8)
  2 water moccasins
  An ice beast (D:8)
  2 sky beasts
  A kobold brigand (D:7)
  7 bullfrogs
  2 gnoll sergeants
  A scorpion (D:7)
  8 wights
  8 killer bees
  An electric eel (D:6)
  2 hounds
  3 jellies
  A sleepcap (D:7)
  An iguana (D:5)
  5 orc wizards
  12 gnolls
  9 adders
  3 white imps
  A worm (D:3)
  3 dart slugs
  19 orcs
  6 endoplasms
  6 giant cockroaches
  8 goblins
  6 hobgoblins
  6 quokkas
  4 ball pythons
  8 bats
  A frilled lizard (D:3)
  11 kobolds
  4 rats
179 creatures vanquished.

Notes
Turn   | Place    | Note
-------+----------+-------------------------------------------
     0 | D:1      | qw the Gargoyle Hunter began the quest for the Orb.
     0 | D:1      | Reached XP level 1. HP: 12/12 MP: 1/1
     0 | D:1      | 0 ||| qw: Version: 0.3-a-83-gcd0e7d8
     0 | D:1      | 0 ||| qw: Game counter: 1376
     0 | D:1      | 0 ||| qw: Melee chars always use a shield: true
     0 | D:1      | 0 ||| qw: God list: Okawaru
     0 | D:1      | 0 ||| qw: Allow faded altars: false
     0 | D:1      | 0 ||| qw: Do Orc after clearing Dungeon:15 true
     0 | D:1      | 0 ||| qw: Do second Lair branch before Depths: true
     0 | D:1      | 0 ||| qw: Lair rune preference: random
     0 | D:1      | 0 ||| qw: Goals: Normal
     0 | D:1      | 0 ||| PLANNING D:1-11
   111 | D:1      | Reached XP level 2. HP: 17/17 MP: 2/2
   231 | D:1      | Reached XP level 3. HP: 21/21 MP: 3/3
   282 | D:1      | Reached skill level 5 in Ranged Weapons
   415 | D:1      | 415 ||| UPGRADING to +2 helmet.
   420 | D:1      | 420 ||| UPGRADING to +5 ring of evasion.
   421 | D:1      | 421 ||| READING scroll labelled VUOSOC WOGO.
   422 | D:1      | 422 ||| READING scroll labelled UDOUHI DUOSKYMP.
   423 | D:1      | 423 ||| READING scroll labelled XIAMUI BODOAHU.
   424 | D:1      | 424 ||| READING scroll labelled YCENKONIYZ.
   427 | D:1      | 427 ||| DROPPING scroll of butterflies.
   534 | D:2      | Reached skill level 3 in Fighting
   596 | D:2      | Reached XP level 4. HP: 28/28 MP: 4/4
   713 | D:2      | 713 ||| READING scroll labelled PYOMECH ZASA.
  1042 | D:2      | 1042 ||| READING 2 scrolls labelled OBAUPESOYZ.
  1043 | D:2      | 1043 ||| DRINKING 2 pink potions.
  1044 | D:2      | 1044 ||| DROPPING scroll of fear.
  1092 | D:3      | 1092 ||| RETREEAATING.
  1093 | D:3      | 1093 ||| STILL RETREEAATING.
  1105 | D:3      | 1105 ||| FLEEEEING.
  1106 | D:3      | 1106 ||| FLEEEEING.
  1107 | D:3      | 1107 ||| FLEEEEING.
  1108 | D:3      | 1108 ||| FLEEEEING.
  1109 | D:3      | 1109 ||| FLEEEEING.
  1132 | D:3      | HP: 7/28 [something/puff of flame (8)]
  1143 | D:3      | Reached XP level 5. HP: 9/32 MP: 5/5
  1181 | D:3      | 1181 ||| FLEEEEING.
  1190 | D:3      | 1190 ||| STAIRDANCE
  1233 | D:2      | 1233 ||| UPGRADING to +0 pair of boots.
  1259 | D:3      | Reached skill level 1 in Armour
  1406 | D:3      | Reached skill level 6 in Ranged Weapons
  1610 | D:3      | Identified the +6 whip "Killer Klown's Foe" {antimagic,
                  | Contam rPois rC+ Int+6}
  1648 | D:3      | Found Utecanycw's Distillery.
  1651 | D:3      | 1651 ||| BUYING potion of enlightenment (55 gold).
  1651 | D:3      | Bought a potion of enlightenment for 55 gold pieces
  1651 | D:3      | 1651 ||| BUYING potion of enlightenment (55 gold).
  1651 | D:3      | Bought a potion of enlightenment for 55 gold pieces
  1651 | D:3      | 1651 ||| SHOPLISTING potion of enlightenment (55 gold, have
                  | 54).
  1651 | D:3      | 1651 ||| SHOPLISTING potion of haste (110 gold, have 54).
  1729 | D:3      | 1729 ||| UPGRADING to +0 ring mail.
  1739 | D:3      | 1739 ||| DROPPING +0 leather armour.
  1740 | D:3      | 1740 ||| UPGRADING to +0 cloak.
  1745 | D:3      | 1745 ||| UPGRADING to ring of willpower.
  1746 | D:3      | 1746 ||| READING scroll labelled TAOGOPRAFOL.
  1747 | D:3      | 1747 ||| DRINKING 2 grey potions.
  1748 | D:3      | 1748 ||| DRINKING 2 bubbling pink potions.
  1749 | D:3      | 1749 ||| READING 2 scrolls of identify.
  1749 | D:3      | 1749 ||| IDENTIFYING fuming green potion
  1750 | D:3      | 1750 ||| DROPPING potion of ambrosia.
  1751 | D:3      | 1751 ||| DROPPING potion of invisibility.
  1930 | D:4      | Reached XP level 6. HP: 38/38 MP: 6/6
  1930 | D:4      | Found a staircase to the Ecumenical Temple.
  1931 | D:4      | 1931 ||| PLANNING TEMPLE
  1931 | D:4      | 1931 ||| READING scroll labelled WONNAAGRIK.
  1932 | D:4      | 1932 ||| DRINKING 2 golden potions.
  1950 | Temple   | Found a transporter.
  1950 | Temple   | Found a transporter.
  1950 | Temple   | Found a transporter.
  1950 | Temple   | Found a transporter.
  1950 | Temple   | Entered the Ecumenical Temple
  1951 | Temple   | 1951 ||| PLANNING D:1-11
  1973 | Temple   | 1973 ||| PLANNING OKAWARU WORSHIP
  1980 | Temple   | Became a worshipper of Warmaster Okawaru
  1981 | Temple   | 1981 ||| PLANNING D:1-11
  2397 | D:4      | 2397 ||| UPGRADING to +2 pair of boots.
  2407 | D:4      | 2407 ||| DROPPING +0 pair of boots.
  2408 | D:4      | 2408 ||| UPGRADING to +2 robe of cold resistance.
  2418 | D:4      | 2418 ||| DROPPING +0 ring mail.
  2438 | D:5      | Entered Level 5 of the Dungeon
  2898 | D:5      | 2898 ||| READING 2 scrolls labelled YXZIYZXUOTZ.
  2899 | D:5      | 2899 ||| READING scroll of enchant armour.
  2899 | D:5      | 2899 ||| ENCHANTING +0 cloak.
  2900 | D:5      | 2900 ||| READING scroll labelled MAW WIEPTAUMED.
  2901 | D:5      | 2901 ||| DRINKING 2 bubbling dark potions.
  2937 | D:5      | 2937 ||| READING 2 scrolls of identify.
  2937 | D:5      | 2937 ||| IDENTIFYING green potion
  2938 | D:5      | 2938 ||| DROPPING potion of brilliance.
  2939 | D:5      | 2939 ||| DROPPING potion of lignification.
  2961 | D:6      | Found Xerrid's Antique Armour Shop.
  3195 | D:6      | 3195 ||| Stepping ~*~*~tactically~*~*~ (retreating).
  3207 | D:6      | Reached skill level 7 in Ranged Weapons
  3207 | D:6      | Reached XP level 7. HP: 31/43 MP: 7/7
  3311 | D:6      | Reached * piety under Okawaru
  3355 | D:6      | Reached skill level 1 in Invocations
  3792 | D:6      | 3792 ||| INVOKING Heroism.
  3957 | D:6      | 3957 ||| READING scroll labelled CEGOMU ESAEP.
  3958 | D:6      | 3958 ||| DRINKING 2 smoky cyan potions.
  3959 | D:6      | 3959 ||| READING 3 scrolls of identify.
  3959 | D:6      | 3959 ||| IDENTIFYING bubbling coppery potion
  3960 | D:6      | 3960 ||| READING 2 scrolls of identify.
  3960 | D:6      | 3960 ||| IDENTIFYING metallic dark potion
  3961 | D:6      | 3961 ||| DROPPING potion of berserk rage.
  4039 | D:7      | 4039 ||| PLANNING OSSUARY
  4065 | D:7      | Reached skill level 8 in Ranged Weapons
  4111 | D:7      | Reached XP level 8. HP: 48/48 MP: 8/10
  4144 | D:7      | 4144 ||| RETREEAATING.
  4150 | D:7      | Reached skill level 3 in Invocations
  4221 | D:7      | 4221 ||| RETREEAATING.
  4248 | D:7      | Reached skill level 9 in Ranged Weapons
  4254 | D:7      | Reached ** piety under Okawaru
  4284 | D:7      | 4284 ||| INVOKING Heroism.
  4346 | D:7      | Found a flagged portal.
  4375 | D:7      | Reached skill level 6 in Fighting
  4416 | D:7      | 4416 ||| Stepping ~*~*~tactically~*~*~ (retreating).
  4418 | D:7      | Reached XP level 9. HP: 55/55 MP: 12/12
  4426 | D:7      | 4426 ||| INVOKING Heroism.
  4682 | D:7      | Noticed a troll
  4683 | D:7      | 4683 ||| INVOKING Heroism.
  4695 | D:7      | Killed a troll
  4696 | D:7      | Reached skill level 10 in Ranged Weapons
  4812 | D:7      | 4812 ||| UPGRADING to +0 pair of gloves.
  4817 | D:7      | 4817 ||| READING scroll labelled FARU BAOJUIRCH.
  4817 | D:7      | Identified a scroll of acquirement
  4817 | D:7      | 4817 ||| ACQUIRING 1099 gold pieces
  4817 | D:7      | Acquired 1099 gold pieces
  4819 | D:7      | 4819 ||| READING scroll labelled RUQAJEY CYEGGILI.
  4820 | D:7      | 4820 ||| READING 3 scrolls of identify.
  4820 | D:7      | 4820 ||| IDENTIFYING fizzy coppery potion
  4848 | D:6      | 4848 ||| RIP OSSUARY
  4848 | D:6      | 4848 ||| PLANNING D:1-11
  5133 | D:8      | Noticed a death yak
  5134 | D:8      | 5134 ||| INVOKING Heroism.
  5150 | D:8      | Killed a death yak
  5199 | D:8      | Found a staircase to the Lair.
  5201 | D:8      | Noticed a death yak
  5202 | D:8      | 5202 ||| INVOKING Heroism.
  5218 | D:8      | Killed a death yak
  5218 | D:8      | Reached *** piety under Okawaru
  5249 | D:8      | Reached XP level 10. HP: 64/64 MP: 13/13
  5447 | D:8      | 5447 ||| INVOKING Heroism.
  5450 | D:8      | 5450 ||| Stepping ~*~*~tactically~*~*~ (cloud).
  5451 | D:8      | 5451 ||| Stepping ~*~*~tactically~*~*~ (cloud).
  5484 | D:8      | Found a blossoming altar of Fedhas.
  5485 | D:8      | Found a hide-covered altar of Uskayaw.
  5544 | D:8      | Noticed a death yak
  5545 | D:8      | 5545 ||| RETREEAATING.
  5550 | D:8      | 5550 ||| Stepping ~*~*~tactically~*~*~ (retreating).
  5557 | D:8      | 5557 ||| INVOKING Heroism.
  5580 | D:8      | 5580 ||| INVOKING Heroism.
  5593 | D:8      | Killed a death yak
  5593 | D:8      | Reached **** piety under Okawaru
  5594 | D:8      | Reached skill level 11 in Ranged Weapons
  5608 | D:8      | HP: 16/64 [yak (11)]
  5609 | D:8      | 5609 ||| READING 3 scrolls of teleportation.
  5610 | D:8      | 5610 ||| DRINKING potion of heal wounds.
  5611 | D:8      | 5611 ||| INVOKING Heroism.
  5805 | D:8      | 5805 ||| PLANNING LAIR
  5805 | D:8      | 5805 ||| DROPPING scarf of invisibility.
  5806 | D:8      | 5806 ||| READING scroll labelled AHAWABREURYT.
  5896 | Lair:1   | Entered Level 1 of the Lair of Beasts
  5927 | Lair:1   | Noticed a cane toad
  5928 | Lair:1   | 5928 ||| INVOKING Heroism.
  5932 | Lair:1   | Killed a cane toad
  5933 | Lair:1   | Reached skill level 12 in Ranged Weapons
  5993 | Lair:1   | Noticed a cane toad
  5994 | Lair:1   | 5994 ||| INVOKING Heroism.
  5997 | Lair:1   | Killed a cane toad
  5998 | Lair:1   | Reached skill level 3 in Armour
  6066 | Lair:1   | Noticed a black mamba
  6067 | Lair:1   | 6067 ||| RETREEAATING.
  6068 | Lair:1   | 6068 ||| STILL RETREEAATING.
  6069 | Lair:1   | 6069 ||| STILL RETREEAATING.
  6070 | Lair:1   | 6070 ||| Stepping ~*~*~tactically~*~*~ (retreating).
  6071 | Lair:1   | 6071 ||| Stepping ~*~*~tactically~*~*~ (retreating).
  6072 | Lair:1   | 6072 ||| Stepping ~*~*~tactically~*~*~ (retreating).
  6073 | Lair:1   | 6073 ||| Stepping ~*~*~tactically~*~*~ (retreating).
  6074 | Lair:1   | 6074 ||| Stepping ~*~*~tactically~*~*~ (retreating).
  6075 | Lair:1   | 6075 ||| Stepping ~*~*~tactically~*~*~ (retreating).
  6076 | Lair:1   | 6076 ||| INVOKING Heroism.
  6083 | Lair:1   | Killed a black mamba
  6092 | Lair:1   | 6092 ||| STILL RETREEAATING.
  6093 | Lair:1   | 6093 ||| STILL RETREEAATING.
  6097 | Lair:1   | 6097 ||| STILL RETREEAATING.
  6098 | Lair:1   | 6098 ||| STILL RETREEAATING.
  6099 | Lair:1   | 6099 ||| STILL RETREEAATING.
  6100 | Lair:1   | 6100 ||| STILL RETREEAATING.
  6101 | Lair:1   | 6101 ||| STILL RETREEAATING.
  6103 | Lair:1   | 6103 ||| Stepping ~*~*~tactically~*~*~ (retreating).
  6104 | Lair:1   | 6104 ||| Stepping ~*~*~tactically~*~*~ (retreating).
  6105 | Lair:1   | 6105 ||| Stepping ~*~*~tactically~*~*~ (retreating).
  6106 | Lair:1   | 6106 ||| Stepping ~*~*~tactically~*~*~ (retreating).
  6107 | Lair:1   | 6107 ||| Stepping ~*~*~tactically~*~*~ (retreating).
  6115 | Lair:1   | 6115 ||| INVOKING Heroism.
  6412 | Lair:1   | 6412 ||| INVOKING Heroism.
  6432 | Lair:1   | Reached skill level 6 in Invocations
  6432 | Lair:1   | Reached XP level 11. HP: 64/68 MP: 15/15
  6745 | Lair:1   | 6745 ||| READING scroll labelled YNGOIR DIMEB.
  6800 | Lair:2   | 6800 ||| FLEEEEING.
  6802 | Lair:2   | 6802 ||| FLEEEEING.
  6803 | Lair:2   | 6803 ||| FLEEEEING.
  6804 | Lair:2   | 6804 ||| FLEEEEING.
  6805 | Lair:2   | 6805 ||| FLEEEEING.
  6806 | Lair:2   | 6806 ||| FLEEEEING.
  6807 | Lair:2   | 6807 ||| STAIRDANCE
  6909 | Lair:1   | 6909 ||| READING 3 scrolls of identify.
  6909 | Lair:1   | 6909 ||| IDENTIFYING lumpy sapphire potion
  6910 | Lair:1   | 6910 ||| DROPPING potion of degeneration.
  6912 | Lair:2   | Noticed a boulder beetle
  6913 | Lair:2   | 6913 ||| STAIRDANCE
  6915 | Lair:1   | 6915 ||| INVOKING Heroism.
  6947 | Lair:2   | 6947 ||| INVOKING Heroism.
  6962 | Lair:2   | 6962 ||| STAIRDANCE
  7020 | Lair:2   | 7020 ||| INVOKING Heroism.
  7021 | Lair:2   | 7021 ||| STAIRDANCE
  7044 | Lair:2   | 7044 ||| INVOKING Heroism.
  7052 | Lair:2   | 7052 ||| STAIRDANCE
  7097 | Lair:2   | 7097 ||| INVOKING Heroism.
  7098 | Lair:2   | 7098 ||| STAIRDANCE
  7120 | Lair:2   | 7120 ||| STAIRDANCE
  7161 | Lair:2   | 7161 ||| INVOKING Heroism.
  7164 | Lair:2   | 7164 ||| STAIRDANCE
  7182 | Lair:2   | 7182 ||| STAIRDANCE
  7226 | Lair:2   | 7226 ||| INVOKING Heroism.
  7227 | Lair:2   | 7227 ||| STAIRDANCE
  7241 | Lair:2   | 7241 ||| INVOKING Heroism.
  7252 | Lair:2   | HP: 17/68 [boulder beetle (5)]
  7253 | Lair:2   | 7253 ||| READING 2 scrolls of teleportation.
  7254 | Lair:2   | 7254 ||| DRINKING potion of heal wounds.
  7255 | Lair:2   | 7255 ||| STAIRDANCE
  7400 | Lair:2   | 7400 ||| READING scroll of enchant weapon.
  7400 | Lair:2   | 7400 ||| ENCHANTING +1 shortbow of freezing.
  7414 | Lair:2   | Reached skill level 13 in Ranged Weapons
  7420 | Lair:2   | 7420 ||| RETREEAATING.
  7421 | Lair:2   | 7421 ||| Stepping ~*~*~tactically~*~*~ (retreating).
  7422 | Lair:2   | 7422 ||| Stepping ~*~*~tactically~*~*~ (retreating).
  7438 | Lair:2   | 7438 ||| INVOKING Heroism.
  7738 | Lair:2   | 7738 ||| INVOKING Heroism.
  7771 | Lair:2   | Killed a boulder beetle
  7772 | Lair:2   | Reached skill level 9 in Fighting
  7954 | Lair:2   | 7954 ||| READING scroll of brand weapon.
  7954 | Lair:2   | 7954 ||| BRANDING +2 shortbow of freezing.
  8168 | Lair:3   | 8168 ||| INVOKING Heroism.
  8273 | Lair:3   | Found a hide-covered altar of Uskayaw.
  8273 | Lair:3   | Noticed a boulder beetle
  8274 | Lair:3   | 8274 ||| INVOKING Heroism.
  8315 | Lair:3   | 8315 ||| INVOKING Heroism.
  8353 | Lair:3   | 8353 ||| INVOKING Heroism.
  8362 | Lair:3   | HP: 13/71 [boulder beetle (11)]
  8363 | Lair:3   | 8363 ||| READING scroll of teleportation.
  8363 | Lair:3   | Slain by a boulder beetle

Levels and vault maps discovered:
D:1:      eino_arrival_cavern_b, layout_rooms, minmay_tall_x
D:2:      minmay_evil_eye, layout_basic, serial_glass, glass_columns_a,
          glass_columns_c, grunt_decor_fettered
D:3:      layout_loops_cross, serial_shops, nicolae_shop_tiny_real_fake_doors
D:4:      layout_basic, minmay_temple_entry_statues_fountains, chequers_avenue
D:5:      layout_rooms
D:6:      layout_loops_corners, serial_shops, nicolae_diamond_shop,
          chequers_serial_rivers_small_a, dreamdust_princess_bridge,
          corexii_item_surrounded_by_moat
D:7:      layout_basic, enter_bailey_2, nicolae_ossuary_entry_monument,
          chequers_serial_rivers_small_a
D:8:      layout_basic, gammafunk_temple_overflow_statue, dpeg_lair_monsters
Temple:   hellmonk_temple_divided_pantheon
Lair:1:   layout_roguey, beast_lair_carwin_6
Lair:2:   layout_long_grid, lemuel_fruit_tree
Lair:3:   layout_loops_ring, minmay_shoals_entry_beasts,
          alex1729_snake_entry_snake, nzn_masters_of_martial_movement

Skill      XL: |  1  2  3  4  5  6  7  8  9 10 11 |
---------------+----------------------------------+-----
Ranged Weapons | 5 6 7 8 9 10 12 13 | 13.2
Fighting       | 3 4 6 8 9 |  9.3
Armour         | 2 3 |  3.7
Dodging        | 2 4 |  4.7
Invocations    | 2 4 6 |  6.4
Stealth        | |  1.1

Action                     |  1- 3 |  4- 6 |  7- 9 | 10-12 || total
---------------------------+-------+-------+-------+-------++-------
   Fire: Shortbow          |    93 |   171 |   335 |   437 ||  1036
 Invoke: Heroism           |       |       |     6 |    23 ||    29
    Use: Scroll            |     4 |     9 |     6 |     8 ||    27
         Potion            |       |     5 |     1 |     2 ||     8
 Armour: Leather armour    |    12 |    36 |       |       ||    48
         Robe              |       |    16 |   102 |   132 ||   250
         Ring mail         |       |     3 |       |       ||     3
  Dodge: Dodged            |    23 |    94 |   212 |   293 ||   622

Table legend:
 A = Non-vault XP
 B = Vault XP
 C = Vault XP percentage of total XP
 D = Non-vault monster count
 E = Vault monster count
 F = Vault count percentage of total count
                 A         B        C        D         E       F
            +---------+---------+-------+---------+---------+-------
      Total |    8186 |    4699 |  36.5 |     159 |      20 |  11.2
            +---------+---------+-------+---------+---------+-------
        D:1 |      31 |      10 |  24.4 |      17 |       4 |  19.0
        D:2 |      43 |      28 |  39.4 |      19 |       3 |  13.6
        D:3 |     139 |       0 |   0.0 |      30 |       0 |   0.0
        D:4 |     100 |       0 |   0.0 |       5 |       0 |   0.0
        D:5 |     162 |       0 |   0.0 |       7 |       0 |   0.0
        D:6 |     638 |       0 |   0.0 |      12 |       0 |   0.0
        D:7 |    1696 |       0 |   0.0 |      40 |       0 |   0.0
        D:8 |     562 |    3260 |  85.3 |       9 |       7 |  43.8
     Lair:1 |    1880 |    1401 |  42.7 |       9 |       6 |  40.0
     Lair:2 |    2401 |       0 |   0.0 |       9 |       0 |   0.0
     Lair:3 |     534 |       0 |   0.0 |       2 |       0 |   0.0
            +---------+---------+-------+---------+---------+-------
